AoeStats
← Soldier

Arabia

510556542Analyzed
1v1 RM · 1d ago on Oct 1, 2026· 50m 11s· 2 players
Game mode
Random Map
Map size
Tiny (2 player)
Population
200
Speed
Normal
Resources
Standard
Victory
Conquest
Starting age
Dark Age
Ending age
Imperial Age
RankedLock teamsTeams togetherTeam positionsShared explorationLock speedFull tech treeHidden civsTurbo modeCheats
Victory
Defeat
🇮🇳 Bulgarians · India
775
+17
🇨🇿 Vietnamese · Czechia
798
-17
Soldier
8:14 Loom
10:35 Feudal Age
10:59 Horse Collar
14:30 Arson
20:49 Castle Age
20:53 Fletching
21:35 Town Watch
24:39 Heavy Plow
25:28 Bodkin Arrow
38:24 Imperial Age
36:50 Wheelbarrow
39:33 Conscription
41:24 Bracer
42:12 Town Patrol
42:50 Gambesons
43:08 Squires
43:58 Forging
45:55 Iron Casting
45:21 Scale Mail Armor
47:43 Bagains
49:10 Blast Furnace
48:26 Chain Mail Armor
51:03 Plate Mail Armor
Lukisonn
9:14 Loom
11:07 Feudal Age
11:50 Double-Bit Axe
11:58 Gold Mining
14:02 Fletching
21:44 Wheelbarrow
26:02 Castle Age
26:39 Crossbowman
27:26 Thumb Ring
31:42 Horse Collar
32:17 Bow Saw
38:04 Ballistics
40:32 Imperial Age
43:02 Chemistry
42:59 Bodkin Arrow
43:05 Padded Archer Armor
48:22 Murder Holes
Connection lost

Rejoining the realm…

Still unreachable

The connection could not be restored.

Session expired

The server has moved on; the page needs a fresh start.